AoeStats
← Mknolix

Nomad

510083464Analyzed
4v4 RM · 5d ago on Sep 29, 2026· 64m 4s· 8 players
Game mode
Random Map
Map size
231×231
Population
200
Speed
Normal
Resources
Standard
Victory
Conquest
Starting age
Dark Age
Ending age
Imperial Age
RankedLock teamsTeams togetherTeam positionsShared explorationLock speedFull tech treeHidden civsTurbo modeCheats
Victory
Defeat
🇹🇼 Armenians · Taiwan
1205
+13
🇧🇷 Persians · Brazil
1201
+14
🇪🇸 Koreans · Spain
1150
+16
🇦🇷 Burgundians · Argentina
1122
+17
🇨🇳 Japanese · China
1164
-16
🇦🇺 Malay · Australia
1162
-16
🇮🇳 Goths · India
1154
-15
🇨🇳 Spanish · China
1097
-13
MegaPanda
5:10 Loom
新手村五四
5:37 Loom
15:38 Feudal Age
20:42 Castle Age
22:05 Double-Bit Axe
22:02 Horse Collar
22:13 Gold Mining
22:14 Stone Mining
29:47 Imperial Age
27:10 Fishing Lines
30:43 Fletching
30:53 Padded Archer Armor
31:55 Chemistry
31:16 Ballistics
32:12 Bodkin Arrow
32:33 Leather Archer Armor
33:08 Bracer
33:03 Heavy Cavalry Archer
34:19 Thumb Ring
35:37 Parthian Tactics
36:30 Gillnets
37:42 Ring Archer Armor
38:02 Gold Shaft Mining
38:52 Wheelbarrow
38:04 Town Watch
40:38 Hand Cart
40:35 Bow Saw
40:28 Heavy Plow
40:48 Masonry
45:33 Conscription
45:35 Kataparuto
46:54 Bloodlines
46:45 Husbandry
46:09 Light Cavalry
48:23 Treadmill Crane
48:41 Murder Holes
48:38 Guard Tower
52:54 Elite Samurai
57:53 Pikeman
58:34 Squires
58:50 Halberdier
nanbo1
5:21 Loom
16:07 Feudal Age
20:20 Castle Age
19:26 Double-Bit Axe
19:48 Fishing Lines
21:55 Bow Saw
21:38 Horse Collar
23:05 Gillnets
25:37 Heavy Plow
27:08 Wheelbarrow
30:06 Town Watch
35:09 Gold Mining
38:59 Imperial Age
36:26 Stone Mining
37:55 Hand Cart
39:20 Forging
39:16 Scale Barding Armor
40:05 Conscription
39:19 Cavalier
40:00 Husbandry
40:10 Bloodlines
41:26 Bloodlines
43:38 Two-Man Saw
43:14 Iron Casting
43:58 Guilds
44:13 Chain Barding Armor
45:21 Blast Furnace
44:41 Fletching
46:45 Plate Barding Armor
47:45 Bodkin Arrow
48:41 Fortified Wall
48:42 Masonry
48:53 Ballistics
49:33 Chemistry
48:29 Murder Holes
51:53 Bracer
51:54 Padded Archer Armor
dipsh*t
5:06 Loom
15:15 Feudal Age
23:41 Castle Age
22:54 Stone Mining
26:11 Fletching
32:14 Horse Collar
47:09 Forging
52:09 Anarchy
53:20 Heavy Plow
53:27 Scale Mail Armor
54:19 Iron Casting
54:17 Squires
53:38 Pikeman
55:15 Chain Mail Armor
56:19 Gold Mining
62:52 Stone Shaft Mining
63:06 Wheelbarrow
Ace
5:40 Loom
15:17 Feudal Age
16:13 Double-Bit Axe
17:54 Stone Mining
20:13 Castle Age
21:39 Pikeman
22:32 Bow Saw
35:39 Wheelbarrow
35:04 Gold Mining
36:49 Ballistics
36:25 Murder Holes
37:11 Scale Barding Armor
37:09 Scale Mail Armor
37:19 Forging
38:28 Hand Cart
39:13 Horse Collar
42:23 Imperial Age
41:01 Squires
40:49 Arson
41:07 Fletching
42:29 Elite War Wagon
43:14 Eupseong
43:34 Shinkichon
43:39 Conscription
43:34 Heavy Plow
44:36 Two-Man Saw
44:20 Chain Mail Armor
44:40 Iron Casting
45:10 Chemistry
44:22 Masonry
43:52 Treadmill Crane
44:23 Fortified Wall
44:38 Halberdier
46:36 Plate Mail Armor
46:01 Bodkin Arrow
47:11 Capped Ram
56:47 Bracer
57:33 Gold Shaft Mining
57:33 Stone Shaft Mining
58:31 Shinkichon
Mknolix
5:31 Loom
安安您好
13:10 Feudal Age
18:33 Castle Age
17:27 Double-Bit Axe
21:24 Horse Collar
23:34 Bow Saw
24:52 Wheelbarrow
24:36 Heavy Plow
25:57 Fletching
27:12 Bodkin Arrow
29:27 Padded Archer Armor
30:10 Town Watch
30:59 Ballistics
34:59 Imperial Age
33:49 Gold Mining
34:02 Stone Mining
33:55 Treadmill Crane
34:32 Leather Archer Armor
35:19 Hand Cart
35:32 Elite Composite Bowman
36:34 Conscription
36:21 Bracer
36:46 Town Patrol
38:44 Chemistry
38:53 Ring Archer Armor
39:54 Elite Skirmisher
GaloDoido
5:21 Loom
13:32 Feudal Age
18:12 Castle Age
16:05 Double-Bit Axe
16:30 Fishing Lines
19:00 Scale Barding Armor
18:51 Gold Mining
20:35 Chain Barding Armor
21:49 Gillnets
23:01 Wheelbarrow
22:12 Town Watch
24:33 Forging
25:18 Bloodlines
25:08 Husbandry
32:01 Iron Casting
36:40 Imperial Age
35:45 Horse Collar
36:18 Bow Saw
38:09 Gold Shaft Mining
37:05 Cavalier
38:52 Plate Barding Armor
39:36 Town Patrol
39:52 Hand Cart
42:34 Blast Furnace
41:07 Savar
42:12 Fletching
43:10 Thumb Ring
43:31 Padded Archer Armor
44:00 Elite Skirmisher
45:52 Bodkin Arrow
46:14 Leather Archer Armor
49:05 Squires
48:25 Pikeman
53:00 Conscription
53:49 Ring Archer Armor
57:44 Chemistry
58:08 Ballistics
61:16 Kamandaran
60:41 Light Cavalry
63:40 Crossbowman
Connection lost

Rejoining the realm…

Still unreachable

The connection could not be restored.

Session expired

The server has moved on; the page needs a fresh start.